 Dungeon Crawl Stone Soup version 0.24-a0-530-g18ba70b503 (webtiles) character file.

Game seed: 3329730052598334584

12 DavidChitty2 the Conjurer (level 2, -3/22 HPs)
             Began as a Draconian Conjurer on Aug 7, 2019.
             Slain by a gnoll
             ... wielding a +0 spear
              (13 damage)
             ... on level 1 of the Dungeon.
             The game lasted 00:02:44 (678 turns).

DavidChitty2 the Conjurer (Draconian Conjurer)       Turns: 678, Time: 00:02:44

Health: -3/22      AC:  4    Str: 10    XL:     2   Next: 20%
Magic:  1/5        EV: 12    Int: 15    God:
Gold:   29         SH:  0    Dex: 11    Spells: 4/5 levels left

rFire    . . .     SeeInvis .   (no weapon)
rCold    . . .     Gourm    .   (no shield)
rNeg     . . .     Faith    .   (armour unavailable)
rPois    .         Spirit   .   (helmet restricted)
rElec    .         Reflect  .   (no cloak)
rCorr    .         Harm     .   (no gloves)
MR       .....                  (no boots)
Stlth    ++........             (no amulet)
HPRegen  0.07/turn              (no ring)
MPRegen  0.09/turn              (no ring)

@: very slightly contaminated
A: unfitting armour, cold-blooded, AC +4
a: no special abilities


You were on level 1 of the Dungeon.
You were not hungry.

You visited 1 branch of the dungeon, and saw 1 of its levels.

You collected 29 gold pieces.

Inventory:

Hand Weapons
 a - a +0 dagger
   (You took it off a goblin on level 1 of the Dungeon)
Scrolls
 c - a scroll of enchant armour {unknown}
Comestibles
 e - a ration {!d}


   Skills:
 + Level 0.8 Fighting
 - Level 1.7 Dodging
 - Level 1.7 Stealth
 + Level 2.2 Spellcasting
 * Level 4.3 Conjurations


You had 4 spell levels left.
You knew the following spells:

 Your Spells              Type           Power        Failure   Level  Hunger
a - Magic Dart            Conj           ##..         3%          1    #......

Your spell library contained the following spells:

 Spells                   Type           Power        Failure   Level  Hunger
 Searing Ray              Conj           ##....       5%          2    ###....
 Dazzling Spray           Conj/Hex       #.....       26%         3    ###....
 Iskenderun's Mystic Bla  Conj           ##......     36%         4    #####..
 Force Lance              Conj/Tloc      #.......     65%         4    #####..
 Fulminant Prism          Conj/Hex       #.........   65%         4    #####..


Dungeon Overview and Level Annotations

Branches:
Dungeon (1/15)

Altars:


Innate Abilities, Weirdness & Mutations

Your plain brown scales are hard. (AC +4)
You cannot fit into any form of body armour.
You are cold-blooded and may be slowed by cold attacks.


Message History

The magic dart hits the dart slug.
Aim: a dart slug (almost dead)
The magic dart hits the dart slug.
You kill the dart slug!
You start resting.
Some of the chunks of flesh in your inventory have rotted away.
A bat, a goblin and a gnoll come into view.
The gnoll shouts!
Found 22 stones.
You don't know that spell.
The bat hits you. The bat closely misses you. x2
The bat closely misses you. The bat hits you but does no damage.
Aim: a bat You miscast Magic Dart.
You are very lightly contaminated with residual magic.
You are momentarily dazzled by a flash of light!
The bat hits you.
Aim: a bat The magic dart hits the bat.
You kill the bat!
You see here a dagger.
Your magical contamination has completely faded away.
Aim: a gnoll, wielding a +0 spear The magic dart hits the gnoll.
Aim: a gnoll, wielding a +0 spear (lightly wounded)
The magic dart hits the gnoll.
Aim: a gnoll, wielding a +0 spear (moderately wounded)
The magic dart hits the gnoll.
Aim: a gnoll, wielding a +0 spear (moderately wounded)
The magic dart hits the gnoll.
The gnoll hits you from afar with a +0 spear.
Aim: a gnoll, wielding a +0 spear (heavily wounded)
The magic dart hits the gnoll.
The gnoll hits you from afar with a +0 spear!
All of the chunks of flesh in your inventory have rotted away.
The gnoll hits you from afar with a +0 spear.
* * * LOW HITPOINT WARNING * * *
Aim: a gnoll, wielding a +0 spear (heavily wounded)
The magic dart hits the gnoll.
Aim: a gnoll, wielding a +0 spear (heavily wounded)
The magic dart hits the gnoll.
The gnoll closely misses you.
Aim: a gnoll, wielding a +0 spear (severely wounded)
You miscast Magic Dart.
You are very lightly contaminated with residual magic.
The air around you crackles with energy!
The gnoll hits you from afar with a +0 spear!
Ouch! That really hurt!
You die...

#.# ##..##
##.........## ..
#.# ##.g##
##.........g.## .
#.###.)##
##......#......##
#.##..##
##......###......##
####.##.##
##.....g##
##g.....##
..>#.#..#
##......##
##......##
...#.#.####......##
##......#
...#............##
##g.....
.....#.####.....@##
##......# ...###..#
##......##
##......##
.....##.#
##.....g##
##g.....## .###.#
..
##.....g###......##
# ...#.###..
##......#......##
## .#.....##..
##...........## ##.
.####...##..
##.........## ##..
.#..)....#
##...<...#####..#
.#.####.##
##.....####...##


You could see a gnoll and a goblin.

Vanquished Creatures
  A dart slug (D:1)
  A bat (D:1)
  4 goblins (D:1)
  2 kobolds (D:1)
  A frilled lizard (D:1)
  A rat (D:1)
10 creatures vanquished.

Notes
Turn   | Place    | Note
-------+----------+-------------------------------------------
     0 | D:1      | DavidChitty2 the Draconian Conjurer began the quest for the
                  | Orb.
     0 | D:1      | Reached XP level 1. HP: 14/14 MP: 3/3
   444 | D:1      | Reached XP level 2. HP: 22/22 MP: 0/5
   678 | D:1      | Slain by a gnoll

Levels and vault maps discovered:
D:1:      dpeg_arrival_central, layout_basic

Action                   || total
-------------------------++-------
 Cast: Magic Dart        ||    28
Armor: Skin              ||     1
Dodge: Dodged            ||     6

Table legend:
 A = Non-vault XP
 B = Vault XP
 C = Vault XP percentage of total XP
 D = Non-vault monster count
 E = Vault monster count
 F = Vault count percentage of total count
                 A         B        C        D         E       F
            +---------+---------+-------+---------+---------+-------
      Total |      18 |       0 |   0.0 |      10 |       0 |   0.0
            +---------+---------+-------+---------+---------+-------
        D:1 |      18 |       0 |   0.0 |      10 |       0 |   0.0
            +---------+---------+-------+---------+---------+-------
